 Dungeon Crawl Stone Soup version 0.20.1-1-g8b1a95d (webtiles) character file.

4063 Monsterracer the Skirmisher (level 9, 0/79 HPs)
             Began as a Demigod Fighter on Aug 25, 2017.
             Slain by a gargoyle
             ... wielding a +1 mace of protection
              (6 damage)
             ... on level 10 of the Dungeon.
             The game lasted 00:15:15 (8199 turns).

Monsterracer the Skirmisher (Demigod Fighter)       Turns: 8199, Time: 00:15:16

Health: 0/79       AC: 16    Str: 25    XL:     9   Next: 76%
Magic:  11/11      EV: 12    Int: 12    God:
Gold:   579        SH: 11    Dex: 15    Spells: 8/8 levels left

rFire    . . .     SeeInvis +   a - +1 trident
rCold    . . .     Gourm    .   c - +0 shield
rNeg     . . .     Faith    .   p - +2 ring mail {rPois}
rPois    +         Spirit   .   d - +1 helmet
rElec    .         Reflect  .   C - +0 cloak
rCorr    .         Harm     .   s - +1 pair of gloves
MR       .....                  v - +1 pair of boots
Stlth    +.........             E - amulet of regeneration
Regen    1.1/turn               t - ring of see invisible
MPRegen  0.2/turn               (no ring)

@: no status effects
A: high mp 1, regeneration 1
a: no special abilities


You were on level 10 of the Dungeon.
You were not hungry.

You visited 1 branch of the dungeon, and saw 10 of its levels.

You collected 579 gold pieces.

Inventory:

Hand Weapons
 a - a +1 trident (weapon)
Armour
 c - a +0 shield (worn)
 d - a +1 helmet (worn)
 p - a +2 ring mail of poison resistance (worn)
 s - a +1 pair of gloves (worn)
 v - a +1 pair of boots (worn)
 C - a +0 cloak (worn)
Jewellery
 t - a ring of see invisible (left hand)
 E - an amulet of regeneration (around neck)
Wands
 b - a wand of lightning (5/15)
 u - a wand of flame (28/48)
 w - a wand of iceblast (5/15)
 B - a wand of scattershot (6/9)
 D - a wand of digging (13/24)
Scrolls
 i - 5 scrolls of teleportation
 l - 9 scrolls of remove curse
 m - 2 scrolls of recharging
 o - 2 scrolls of identify
 r - 4 scrolls of enchant weapon
 y - a scroll of fear
Potions
 e - a potion of agility
 h - 4 potions of ambrosia
 k - a potion of magic
 n - 3 potions of flight
 x - 2 potions of heal wounds
 z - a potion of curing
 A - a potion of invisibility
Comestibles
 f - 3 bread rations
 g - 9 fruits
 j - 3 royal jellies
 q - 4 meat rations
 F - a chunk of flesh


   Skills:
 * Level 7.5 Fighting
 * Level 7.4 Polearms
 + Level 5.6 Armour
 + Level 4.7 Dodging
 + Level 5.8 Shields


You had 8 spell levels left.
You didn't know any spells.

Dungeon Overview and Level Annotations

Branches:
Dungeon (10/15)            Temple (0/1) D:6
   Lair: D:8-11         Orc: D:9-12

Annotations:
D:7 1 transporter


Innate Abilities, Weirdness & Mutations

You have an increased reservoir of magic. (+10% MP)
Your natural rate of healing is unusually fast.


Message History

You block the gargoyle's attack.
You puncture the gargoyle!
The gargoyle is almost destroyed.
The gargoyle hits you with a mace of protection!
* * * LOW HITPOINT WARNING * * *
Huge Dmg: -10%(-8hp) hp: 28%(22hp)
You hit the gargoyle but do no damage.
The gargoyle is almost destroyed.
The gargoyle hurls a stone arrow at you.
You block the stone arrow.
You hit the gargoyle but do no damage.
The gargoyle is almost destroyed.
The gargoyle hurls a stone arrow at you.
The stone arrow hits you!
* * * LOW HITPOINT WARNING * * *
Huge Dmg: -23%(-18hp) hp: 7%(5hp)
You hit the gargoyle but do no damage.
The gargoyle is almost destroyed.
The gargoyle hits you with a mace of protection.
You die...

#####+### #...$...#
#.......########
#......))((...(#######
#.......######...†...##
#.....@.# #######...
#....9..# ####
#.......# #.......#
#.......# #.......#
#.......# #########


You could see a gargoyle.

Vanquished Creatures
  A two-headed ogre (D:8)
  Maurice (D:8)
  The ghost of vatarom the Arsonist, a novice DEFE (D:5)
  The ghost of Tr0llz0r the Slasher, an amateur DrBe of Trog (D:4)
  A wyvern (D:9)
  An ice beast (D:10)
  A black bear (D:8)
  2 sky beasts
  2 ogres
  A phantom (D:8)
  4 centaurs
  2 big kobolds
  2 bullfrogs
  A gnoll sergeant (D:8)
  2 wyvern skeletons
  3 scorpions
  An electric eel (D:8)
  2 howler monkeys
  2 crimson imps
  A quasit (D:7)
  3 hounds
  An orc priest (D:7)
  3 jellies
  3 orc wizards
  3 iguanas
  4 worker ants
  A killer bee zombie (D:5)
  2 worker ant zombies (D:5)
  Robin (D:2)
  6 adders
  8 gnolls (D:4)
  A shadow imp (D:6)
  3 oozes
  An adder zombie (D:5)
  2 adder skeletons
  3 worms
  5 leopard geckos
  14 orcs
  6 bats
  8 giant cockroaches
  16 goblins
  4 hobgoblins
  10 jackals
  20 kobolds
  4 quokkas
  2 ball pythons (D:5)
  3 frilled lizards
  A jackal zombie (D:5)
  3 rats (D:1)
173 creatures vanquished.

Vanquished Creatures (others)
  A leopard gecko zombie (D:8)
  2 plants (D:7)
3 creatures vanquished.

Grand Total: 176 creatures vanquished

Notes
Turn   | Place    | Note
-------+----------+-------------------------------------------
     0 | D:1      | Monsterracer the Demigod Fighter began the quest for the Orb.
     0 | D:1      | Reached XP level 1. HP: 18/18 MP: 3/3
   143 | D:1      | Reached XP level 2. HP: 19/25 MP: 4/4
   630 | D:2      | Reached XP level 3. HP: 31/31 MP: 5/5
   837 | D:2      | Noticed Robin
   855 | D:2      | HP: 10/31 [goblin/club[Robin] (6)]
   857 | D:2      | HP: 4/31 [goblin/club[Robin] (6)]
   868 | D:2      | Killed Robin
  1082 | D:2      | Reached XP level 4. HP: 33/38 MP: 6/6
  1607 | D:3      | Found a blossoming altar of Fedhas.
  1607 | D:3      | Found a shimmering altar of Xom.
  1884 | D:3      | HP: 18/38 [poisoned by a kobold]
  1889 | D:3      | HP: 14/38 [poisoned by a kobold]
  1894 | D:3      | HP: 11/38 [poisoned by a kobold]
  1899 | D:3      | HP: 9/38 [poisoned by a kobold]
  1905 | D:3      | HP: 8/38 [poisoned by a kobold]
  1913 | D:3      | HP: 7/38 [poisoned by a kobold]
  2045 | D:4      | HP: 18/38 [hound (4)]
  2269 | D:4      | Reached XP level 5. HP: 46/46 MP: 7/7
  2422 | D:4      | HP: 23/46 [iguana (4)]
  2458 | D:4      | HP: 23/46 [iguana (5)]
  2869 | D:4      | Reached skill level 1 in Dodging
  3073 | D:4      | Reached XP level 6. HP: 51/52 MP: 8/8
  3163 | D:4      | Found an opulent altar of Gozag.
  3230 | D:4      | Noticed Tr0llz0r's ghost (amateur DrBe)
  3282 | D:4      | HP: 26/52 [Tr0llz0r's ghost (2)]
  3285 | D:4      | Killed Tr0llz0r's ghost
  3653 | D:5      | Entered Level 5 of the Dungeon
  3715 | D:5      | Noticed vatarom's ghost (novice DEFE)
  3857 | D:5      | HP: 23/53 [vatarom's ghost/puff of flame (10)]
  3861 | D:5      | Killed vatarom's ghost
  3861 | D:5      | Reached XP level 7. HP: 24/60 MP: 9/9
  3956 | D:5      | Reached skill level 5 in Fighting
  4403 | D:5      | Found a deep blue altar of Sif Muna.
  4556 | D:5      | Found a shadowy altar of Dithmenos.
  4647 | D:5      | Reached skill level 5 in Polearms
  4747 | D:5      | Gained mutation: Your natural rate of healing is unusually fast. [mutagenic meat]
  5244 | D:6      | HP: 28/61 [ogre/giant spiked club (24)]
  5252 | D:5      | Reached XP level 8. HP: 37/69 MP: 10/10
  5317 | D:6      | HP: 26/69 [ogre/giant club (14)]
  5324 | D:6      | HP: 30/69 [crimson imp (1)]
  5331 | D:6      | HP: 31/69 [crimson imp (3)]
  5775 | D:6      | Found a staircase to the Ecumenical Temple.
  5883 | D:7      | Found a transporter.
  5899 | D:7      | Found a transporter.
  5910 | D:7      | Noticed a kobold demonologist
  6133 | D:7      | Found a glowing silver altar of Zin.
  6159 | D:7      | Noticed a kobold demonologist
  6217 | D:7      | Found a white marble altar of Elyvilon.
  6308 | D:7      | HP: 30/70 [orc priest/divine providence (14)]
  6313 | D:7      | HP: 20/70 [orc priest/divine providence (12)]
  6399 | D:7      | Noticed a sun demon
  6399 | D:7      | Noticed an ice devil
  6405 | D:7      | Noticed a hellwing
  6531 | D:8      | Reached skill level 5 in Shields
  6532 | D:8      | Found an opulent altar of Gozag.
  6614 | D:8      | Got a jewelled leather armour
  6625 | D:8      | Identified the cursed +1 leather armour of Gravity {Str+3} (You found it on level 8 of the Dungeon)
  6772 | D:8      | Noticed a two-headed ogre
  6786 | D:8      | HP: 32/70 [two-headed ogre/giant club (8)]
  6787 | D:8      | HP: 7/70 [two-headed ogre/giant club (26)]
  6791 | D:8      | Killed a two-headed ogre
  6791 | D:8      | Reached skill level 5 in Armour
  6791 | D:8      | Reached XP level 9. HP: 9/78 MP: 11/11
  6914 | D:8      | Noticed Maurice
  6945 | D:8      | HP: 28/78 [Maurice/wand of lightning (?/15) (26)]
  6951 | D:8      | HP: 22/78 [Maurice/short sword (3)]
  6955 | D:8      | HP: 9/78 [Maurice/wand of lightning (?/15) (16)]
  6956 | D:8      | Killed Maurice
  7740 | D:9      | Found a bloodstained altar of Trog.
  8002 | D:10     | Entered Level 10 of the Dungeon
  8191 | D:10     | Noticed a gargoyle
  8194 | D:10     | HP: 29/79 [gargoyle/stone arrow (31)]
  8198 | D:10     | HP: 5/79 [gargoyle/stone arrow (19)]
  8199 | D:10     | Slain by a gargoyle

Skill      XL: |  1  2  3  4  5  6  7  8  9 |
---------------+----------------------------+-----
Polearms       | 2 3 4 5 6 7 |  7.4
Fighting       | 3 4 5 6 7 |  7.5
Shields        | 3 4 5 |  5.8
Armour         | 3 4 5 |  5.6
Dodging        | 1 2 3 4 |  4.7

Action                   |  1- 3 |  4- 6 |  7- 9 || total
-------------------------+-------+-------+-------++-------
Melee: Trident           |   150 |   192 |   486 ||   828
Throw: Throwing net      |       |       |     1 ||     1
Evoke: Wand              |       |       |    13 ||    13
  Use: Scroll            |     5 |     9 |    15 ||    29
       Potion            |     2 |     1 |       ||     3
 Stab: Held in net/web   |       |       |     1 ||     1
  Eat: Chunk             |     1 |     9 |    16 ||    26
Armor: Chain mail        |    70 |    22 |       ||    92
       Scale mail        |     1 |       |       ||     1
       Ring mail         |       |    37 |   154 ||   191
Dodge: Dodged            |    24 |    35 |   191 ||   250
Block: Shield            |    65 |    94 |   266 ||   425
